 Dungeon Crawl Stone Soup version 0.30-a0-222-ge547ba4400 (webtiles) character file.

Game seed: 7872198886053582982

172 Bruhh the Insei (level 5, -8/35 HPs)
             Began as an Octopode Transmuter on Oct 8, 2022.
             Mangled by a gnoll
             ... wielding a +0 flail
              (10 damage)
             ... on level 2 of the Dungeon.
             The game lasted 00:03:10 (1827 turns).

Bruhh the Insei (Octopode Transmuter)               Turns: 1827, Time: 00:03:11

Health: -8/35      AC:  2    Str:  9    XL:     5   Next: 53%
Magic:  4/9        EV: 19    Int: 18    God:
Gold:   109        SH:  0    Dex: 17    Spells: 4/10 levels left

rFire   . . .      SeeInvis .      - Unarmed
rCold   . . .      Faith    .    (shield currently unavailable)
rNeg    . . .      Spirit   .    (helmet currently unavailable)
rPois   x          Reflect  .    (no amulet)
rElec   .          Harm     .    (no ring)
rCorr   .          Rampage  .    (no ring)
Will    .....                    (no ring)
Stlth   ++........               (no ring)
HPRegen 0.25/turn                (no ring)
MPRegen 0.11/turn                (no ring)
                                 (no ring)
                                 (no ring)

@: spider-form
A: venomous fangs, almost no armour, (amphibious), 8 rings, tiny, (camouflage
1), (gelatinous body 1), (nimble swimmer 1), (tentacles)
a: End Transformation


You were on level 2 of the Dungeon.
You were a venomous arachnid creature.
You visited 1 branch of the dungeon, and saw 2 of its levels.

You collected 109 gold pieces.

Inventory:

Missiles
 f - a throwing net
Scrolls
 a - a scroll of enchant weapon {unknown}
 b - a scroll of teleportation {unknown}
 c - a scroll of silence {unknown}
 d - 3 scrolls of identify {unknown}


   Skills:
 + Level 2.7 Fighting
 - Level 2.0 Dodging
 + Level 3.9 Unarmed Combat
 - Level 3.0 Spellcasting
 + Level 3.1 Transmutations
 + Level 0.7 Poison Magic


You had 4 spell levels left.
You knew the following spells:

 Your Spells              Type           Power      Damage    Failure   Level
a - Beastly Appendage     Tmut           26%        N/A       14%         1
b - Wereblood             Tmut           13%        N/A       19%         2
c - Spider Form           Tmut/Pois      9%         N/A       43%         3

Your spell library contained the following spells:

 Spells                   Type           Power      Damage    Failure   Level
 Ice Form                 Ice/Tmut       8%         N/A       83%         4


Dungeon Overview and Level Annotations

Branches:
Dungeon (2/15)

Altars:

Shops:
D:2 [


Innate Abilities, Weirdness & Mutations

You are a venomous arachnid creature.
You have poisonous fangs.
You are tiny and dextrous.
Your spellcasting is less reliable in this form.
Your armour is entirely melded.
You are incapable of wielding weapons or throwing items.
You cannot wear most types of armour.
((You are amphibious.))
You can wear up to eight rings at the same time.
((Your skin changes colour to match your surroundings (Stealth+).))
((Your rubbery body absorbs attacks. (AC +1, EV +1)))
((You are camouflaged when in or above water. (Stealth+)))
((You have tentacles for arms and can constrict up to eight enemies at once.))


Message History

The gnoll hits you with a +0 spear!
You are too injured to fight recklessly!
You are too injured to fight recklessly!
You are too injured to fight recklessly!
You are too injured to fight recklessly!
Unknown command.
You hit the gnoll.
The gnoll is poisoned.
The gnoll is heavily wounded.
The gnoll barely misses you. The gnoll completely misses you.
You hit the gnoll.
You kill the gnoll!
The gnoll hits you with a +0 flail.
The ball python attacks as you move away!
The ball python closely misses you.
Your transformation has ended.
You see here a +0 flail.
You tentacle-slap the gnoll. Your grab misses the gnoll.
The gnoll is moderately wounded.
The gnoll hits you with a +0 flail!
* * * LOW HITPOINT WARNING * * *
You barely miss the gnoll. You grab the gnoll.
The gnoll is moderately wounded.
You constrict the gnoll, but do no damage.
The gnoll barely misses you.
You tentacle-slap the gnoll.
The gnoll is heavily wounded.
You constrict the gnoll, but do no damage.
The gnoll closely misses you.
You aren't carrying any potions.
You tentacle-slap the gnoll.
You squeeze the gnoll, but do no damage.
The gnoll is severely wounded.
You constrict the gnoll. The gnoll hits you with a +0 flail.
* * * LOW HITPOINT WARNING * * *
Casting: Spider Form (quite dangerous; 22% risk of failure)
Confirm with . or Enter, or press ? or * to list all spells.
The spell is quite dangerous to miscast (22% risk of failure)!
Continue anyway?
You turn into a venomous arachnid creature.
You lose your grip on the gnoll.
The gnoll hits you with a +0 flail!
You die...

#....##..... #..g #.#
#....##.###. #... #.#
###.....# #. #..g.#.#
#.##..###. #....#.###
#.##..##.. #...=#...
#.#....... #.......#
#.....####
#......)##### ##.####
#....)?Sgs..# #.#
#......)###.# #.#
#.......# #.# #.#
.........###'######.#
....######..........#
[.(. #..........# ...
#..........# ..
#..........#
#..........#


You could see a gnoll and a ball python.

Vanquished Creatures
  A phantom (D:2)
  3 gnolls (D:2)
  2 adders (D:2)
  A worm (D:2)
  A dart slug (D:2)
  3 ball pythons
  9 endoplasms
  A giant cockroach (D:1)
  4 goblins
  5 hobgoblins
  6 jackals (D:2)
  3 bats
  2 frilled lizards (D:1)
  2 kobolds
  4 rats
47 creatures vanquished.

Notes
Turn   | Place    | Note
-------+----------+-------------------------------------------
     0 | D:1      | Bruhh the Octopode Transmuter began the quest for the Orb.
     0 | D:1      | Reached XP level 1. HP: 13/13 MP: 3/3
     3 | D:1      | Noticed an electric eel
     4 | D:1      | Noticed an electric eel
   118 | D:1      | Found a faded altar of an unknown god.
   171 | D:1      | Reached XP level 2. HP: 18/18 MP: 3/5
   803 | D:2      | Reached XP level 3. HP: 15/24 MP: 4/6
   954 | D:2      | Found Ecsaomo's Armour Shop.
  1060 | D:2      | Noticed a phantom
  1071 | D:2      | Killed a phantom
  1072 | D:2      | Reached XP level 4. HP: 24/30 MP: 6/8
  1072 | D:2      | Reached XP level 5. HP: 28/35 MP: 6/9
  1185 | D:2      | Learned a level 2 spell: Wereblood
  1193 | D:2      | Identified the +1 ring mail of Gatibi {rElec Will+ Dex+5}
  1752 | D:2      | Learned a level 3 spell: Spider Form
  1827 | D:2      | Mangled by a gnoll

Illustrated notes

Levels and vault maps discovered:
D:1:      arrival_aquarium_b, layout_loops_ring, ebering_ecumenical_altar_rust
D:2:      layout_basic, basic_altar, serial_shops, nicolae_shop_statue_plus,
          minmay_tromino_mix6

Skill      XL: |  1  2  3 |
---------------+----------+-----
Fighting       | 2 |  2.7
Spellcasting   | 3 |  3.0
Transmutations | 3 |  3.1
Dodging        | |  2.0
Unarmed Combat | |  3.9
Poison Magic   | |  0.7

Action                   |  1- 3 |  4- 6 || total
-------------------------+-------+-------++-------
Melee: Unarmed           |    76 |    40 ||   116
       Kick              |    17 |     3 ||    20
       Constrict         |    16 |     4 ||    20
       Tentacles         |     9 |     6 ||    15
       Punch             |     1 |       ||     1
 Cast: Beastly Appendage |    22 |     5 ||    27
       Spider Form       |       |     2 ||     2
  Use: Potion            |     1 |     1 ||     2
 Stab: Sleeping          |     8 |     1 ||     9
Armor: Skin              |    14 |     7 ||    21
Dodge: Dodged            |    43 |    23 ||    66

Table legend: (Time is in decaauts)
 A = Elapsed time spent in this place.
 B = Non-inter-level travel time spent in this place.
 C = Inter-level travel time spent in this place.
 D = Time resting spent in this place.
 E = Time spent auto-exploring this place.
 F = Levels seen in this place.
 G = Mean time per level.
                   A        B        C        D        E       F      G
               +--------+--------+--------+--------+--------+-----+--------+
         Total |   1820 |   1800 |     20 |    516 |    967 |   2 |  910.0 |
       Dungeon |   1820 |   1800 |     20 |    516 |    967 |   2 |  910.0 |
               +--------+--------+--------+--------+--------+-----+--------+

Top non-repeatable levels by time:
     D:1: 1274 daAuts
     D:2: 546 daAuts
